 Dungeon Sprint DCSS version 0.26-a0-663-g36e8fdb655 (webtiles) character file.

Game seed: 14088978814467239803

140 olmar the Fighter (level 10, -12/59 HPs)
             Began as a Vine Stalker Fighter on Oct 12, 2020.
             Was an Initiate of Gozag.
             Mangled by a boulder beetle (13 damage)
             ... in the Dungeon (Sprint VI: "Thunderdome").
             The game lasted 00:04:21 (458 turns).

olmar the Fighter (Vine Stalker Fighter)             Turns: 458, Time: 00:04:21

Health: -12/59     AC:  8    Str: 22    XL:     10   Next: 22%
Magic:  0/11       EV: 13    Int:  8    God:    Gozag
Gold:   142        SH: 12    Dex: 14    Spells: 9/9 levels left

rFire    . . .     SeeInvis .   a - +0 flail
rCold    . . .     Faith    .   c - +0 kite shield
rNeg     . . .     Spirit   +   b - +0 scale mail
rPois    .         Reflect  .   (no helmet)
rElec    .         Harm     .   (no cloak)
rCorr    .         Rampage  .   (no gloves)
MR       +....     NoTele   +   (no boots)
Stlth    ..........             (no amulet)
HPRegen  0.59/turn              (no ring)
MPRegen  0.12/turn              (no ring)

@: gold aura, hasted, very quick
A: fangs 3, regeneration 1, magic shield, antimagic bite, no potion heal 3, rot
immunity
a: Potion Petition, Call Merchant, Bribe Branch, Renounce Religion


You were in the Dungeon.
You worshipped Gozag.
Gozag was aware of your devotion.
You visited 1 branch You collected 1363 gold pieces.
You spent 1221 gold pieces at shops.

Inventory:

Hand Weapons
 a - a +0 flail (weapon)
Armour
 b - a +0 scale mail (worn)
 c - a +0 kite shield (worn)
Scrolls
 i - 3 scrolls of blinking
 n - 3 scrolls of fog
Potions
 f - 3 potions of haste
 g - 2 potions of magic
 h - a potion of berserk rage
 j - a potion of resistance
 m - 2 potions of heal wounds


   Skills:
 + Level 9.9 Fighting
 + Level 9.0 Maces & Flails
 + Level 9.2 Armour
 + Level 6.5 Dodging
 + Level 9.9 Shields
   Level 2.1 Evocations


You had 9 spell levels left.
You didn't know any spells.
Your spell library was empty.

Dungeon Overview and Level Annotations

Branches:
Dungeon (1/1)

Altars:
Cheibriados
Dithmenos
Fedhas
Gozag
Kikubaaqudgha
Makhleb
Okawaru
Qazlal
Ru
Sif Muna
Trog
Uskayaw
Vehumet
Wu Jian
Xom
Yredelemnul
Zin
The Shining One
Beogh
Jiyva
Lugonu

Shops:
D *[??*?*:[((!!!!


Innate Abilities, Weirdness & Mutations

You have razor-sharp teeth.
Your natural rate of healing is unusually fast.
When hurt, damage is shared between your health and your magic reserves.
Your bite disrupts and absorbs the magic of your enemies.
Potions cannot restore your health.
You are immune to rotting.


Message History

Okay, then.
The jumping spider leaps!
The boulder beetle curls into a ball and begins rolling!
You hit the jumping spider but do no damage.
The jumping spider is lightly wounded.
The jumping spider barely misses you.
The jumping spider bites you but does no damage.
The jumping spider pounces on you.
* * * LOW HITPOINT WARNING * * *
You block the jumping spider's attack. You block the boulder beetle's attack.
The boulder beetle stops rolling and uncurls.
You hit the boulder beetle.
You bite the boulder beetle, but do no damage.
The boulder beetle is lightly wounded.
The jumping spider pounces on you!
* * * LOW HITPOINT WARNING * * *
The jumping spider bites you but does no damage.
The boulder beetle bites you!
You die...
Your body crumbles into a pile of gold.

#_......._#
###....B....###
#§...........⌠#
#.8..B......8.######
......###..$...___∩##
....8.# #.8........∩###
......###...$.°.......##
...###...###...B......⌠#
...# #.<.# #...s@.....⌠#
...###...###..........⌠#
..[...###.............##
....8.# #.8........∩###
......###......__.∩##
#.8.........8.######
#[...........⌠#
###.........###
#_......._#


You could see a boulder beetle and a jumping spider.

Vanquished Creatures
  A cane toad (D)
  A blink frog (D)
  Sigmund (D)
  A redback (D)
  4 bullfrogs (D)
  2 scorpions (D)
  2 jellies (D)
  Terence (D)
  An adder (D)
  4 oozes (D)
  A worm (D)
  A bat (D)
  A kobold (D)
21 creatures vanquished.

Notes
Turn   | Place    | Note
-------+----------+-------------------------------------------
     0 | D        | olmar the Vine Stalker Fighter began the quest for the Orb.
     0 | D        | Reached XP level 1. HP: 11/11 MP: 2/2
     0 | D        | Found a corrupted altar of Lugonu.
     0 | D        | Found a shadowy altar of Dithmenos.
     1 | D        | Found a glowing golden altar of the Shining One.
     5 | D        | Round 1.
     7 | D        | Found a shimmering altar of Xom.
     7 | D        | Found a glowing silver altar of Zin.
     8 | D        | Found a basalt altar of Yredelemnul.
     8 | D        | Found a viscous altar of Jiyva.
     8 | D        | Found a bloodstained altar of Trog.
     8 | D        | Found Qaihul's Staff Store.
     8 | D        | Found Morphi's Magic Scroll Shop.
     9 | D        | Found Laoh's Must-Have Magic.
     9 | D        | Found Nabohow's Magic Scroll Shop.
    12 | D        | Found a blossoming altar of Fedhas.
    13 | D        | Found a shimmering blue altar of Sif Muna.
    15 | D        | Found a sacrificial altar of Ru.
    17 | D        | Found an ornate altar of the Wu Jian Council.
    17 | D        | Found an ancient bone altar of Kikubaaqudgha.
    17 | D        | Found a roughly hewn altar of Beogh.
    17 | D        | Found Faokhlas's Identification Station.
    18 | D        | Found Vehib's Jewellery.
    18 | D        | Found Bimelifi's Advanced Armour.
    21 | D        | Found a burning altar of Makhleb.
    22 | D        | Found an opulent altar of Gozag.
    23 | D        | Found a snail-covered altar of Cheibriados.
    24 | D        | Found a hide-covered altar of Uskayaw.
    24 | D        | Found a radiant altar of Vehumet.
    24 | D        | Found Tolusch's Premium Goods.
    24 | D        | Found Irchomuqu's Weapon Rack.
    25 | D        | Found Xicageq's Miscellaneous Merchandise.
    25 | D        | Found Foekh's Basic Armour.
    30 | D        | Became a worshipper of Gozag Ym Sagoz the Greedy
    50 | D        | Noticed Terence
    51 | D        | Killed Terence
    51 | D        | Reached XP level 2. HP: 5/17 MP: 0/3
    51 | D        | Reached XP level 3. HP: 7/21 MP: 0/4
   108 | D        | Found Vicapuumn's Distillery.
   108 | D        | Found Nolle's Distillery.
   109 | D        | Found Upacio's Bottled Wisdom.
   110 | D        | Found a stormy altar of Qazlal.
   110 | D        | Found an iron altar of Okawaru.
   110 | D        | Found Qiqusog's Do-It-Yourself Clinic.
   125 | D        | Bought a potion of experience for 300 gold pieces
   125 | D        | Reached skill level 5 in Fighting
   125 | D        | Reached skill level 5 in Armour
   125 | D        | Reached skill level 5 in Shields
   125 | D        | Gained mutation: Your natural rate of healing is unusually
                  | fast. [Vine Stalker growth]
   125 | D        | Reached XP level 4. HP: 16/28 MP: 5/5
   139 | D        | Noticed Sigmund
   150 | D        | Killed Sigmund
   150 | D        | Arena points: 14 (+14) [x2]
   150 | D        | Reached skill level 5 in Maces & Flails
   150 | D        | Reached skill level 1 in Evocations
   150 | D        | Reached XP level 5. HP: 26/32 MP: 4/6
   150 | D        | Reached XP level 6. HP: 31/37 MP: 4/7
   195 | D        | Round 2.
   294 | D        | Arena points: 56 (+42) [x3]
   313 | D        | Bought 2 potions of experience for 600 gold pieces
   315 | D        | Reached XP level 7. HP: 43/43 MP: 8/8
   316 | D        | Reached skill level 5 in Dodging
   316 | D        | Gained mutation: You have razor-sharp teeth. [Vine Stalker
                  | growth]
   316 | D        | Reached XP level 8. HP: 48/48 MP: 9/9
   347 | D        | Round 3.
   347 | D        | Noticed a cane toad
   350 | D        | Noticed a blink frog
   354 | D        | Killed a cane toad
   367 | D        | Reached XP level 9. HP: 17/53 MP: 4/10
   368 | D        | Arena points: 140 (+84) [x4]
   409 | D        | Bought a potion of experience for 300 gold pieces
   409 | D        | Reached XP level 10. HP: 36/58 MP: 9/11
   413 | D        | Round 4.
   433 | D        | Noticed a boulder beetle
   444 | D        | Bought a potion of curing for 21 gold pieces
   458 | D        | HP: 1/59 [jumping spider (5)]
   458 | D        | Mangled by a boulder beetle

Illustrated notes

Levels and vault maps discovered:
D:        arena_sprint

Skill      XL: |  1  2  3  4  5  6  7  8  9 10 |
---------------+-------------------------------+-----
Fighting       | 4 5 6 8 9 |  9.9
Maces & Flails | 2 4 5 6 7 8 9 |  9.0
Shields        | 4 5 6 7 8 9 |  9.9
Armour         | 3 5 6 7 8 9 |  9.2
Dodging        | 3 4 5 6 |  6.5
Evocations     | 1 2 |  2.1

Action                   |  1- 3 |  4- 6 |  7- 9 | 10-12 || total
-------------------------+-------+-------+-------+-------++-------
Melee: Flail             |    10 |    14 |    19 |     4 ||    47
       Bite              |     1 |     7 |     6 |     1 ||    15
Evoke: Wand              |     2 |     3 |       |     5 ||    10
  Use: Potion            |     1 |     2 |     3 |     3 ||     9
       Scroll            |       |       |       |     1 ||     1
Armor: Scale mail        |     5 |     4 |     8 |     4 ||    21
Dodge: Dodged            |       |     2 |    13 |     4 ||    19
Block: Kite shield       |     3 |     6 |    18 |    10 ||    37

Table legend: (Time is in decaauts)
 A = Elapsed time spent in this place.
 B = Non-inter-level travel time spent in this place.
 C = Inter-level travel time spent in this place.
 D = Time resting spent in this place.
 E = Time spent auto-exploring this place.
 F = Levels seen in this place.
 G = Mean time per level.
                   A        B        C        D        E       F      G
               +--------+--------+--------+--------+--------+-----+--------+
         Total |    459 |    413 |     46 |     59 |     30 |   1 |  459.0 |
       Dungeon |    459 |    413 |     46 |     59 |     30 |   1 |  459.0 |
               +--------+--------+--------+--------+--------+-----+--------+

Top non-repeatable levels by time:
       D: 459 daAuts
